 Dungeon Crawl Stone Soup version 0.30-a0-778-g2ef04afb54 (webtiles) character file.

Game seed: 17091418319050291187

79839 themarg the Hand of Fortune (level 15, -11/115 HPs)
             Began as a Demonspawn Fire Elementalist on Feb 17, 2023.
             Was the Champion of Nemelex Xobeh.
             Mangled by Rupert
             ... wielding a +1 heavy executioner's axe
              (21 damage)
             ... on level 13 of the Dungeon.
             The game lasted 01:53:30 (27236 turns).

themarg the Hand of Fortune (DsFE)                 Turns: 27236, Time: 01:53:30

Health: -11/115    AC: 19    Str:  8    XL:     15   Next: 22%
Magic:  23/29      EV: 21    Int: 23    God:    Nemelex Xobeh [******]
Gold:   1200       SH:  0    Dex: 15    Spells: 19/34 levels left

rFire   + . .      SeeInvis .    l - +2 short sword (drain)
rCold   + . .      Faith    .    (no shield)
rNeg    + . .      Spirit   .    F - +0 troll leather armour
rPois   +          Reflect  .    Z - -2 hat of the Alchemist {rElec rPois rF+ rC+ rN+ Will+ rMut rCorr}
rElec   +          Harm     .    T - +1 cloak {rPois}
rCorr   +          Rampage  .    d - +2 pair of gloves
rMut    +                        w - +2 pair of boots
Will    +++..                    u - amulet of regeneration
Stlth   ++                       c - +5 ring of evasion
HPRegen 1.99/turn                f - ring of willpower
MPRegen 0.21/turn

@: sanguine armoured, very slightly contaminated
A: ignite blood 3, sanguine armour 2, demonic magic 2, demonic touch 1
a: Renounce Religion, Draw Escape, Draw Destruction, Draw Summoning, Triple
Draw, Deal Four, Stack Five


You were on level 13 of the Dungeon.
You worshipped Nemelex Xobeh.
Nemelex Xobeh was exalted by your worship.
You visited 3 branches of the dungeon, and saw 20 of its levels.
You also visited: Ossuary and Bailey.

You collected 2268 gold pieces.
You spent 1068 gold pieces at shops.

Inventory:

Hand Weapons
 l - a +2 short sword of draining (weapon)
 P - a +6 morningstar of freezing
Missiles
 b - 8 boomerangs (quivered)
 y - 23 poisoned darts
 E - 9 javelins
 M - a curare-tipped dart
 Q - 21 stones
Armour
 a - a +0 buckler
 d - a +2 pair of gloves (worn)
 w - a +2 pair of boots (worn)
 F - a +0 troll leather armour (worn)
 T - a +1 cloak of poison resistance (worn)
 Z - the -2 hat of the Alchemist (worn) {rElec rPois rF+ rC+ rN+ Will+ rMut rCorr}
   (You found it on level 5 of the Lair of Beasts)

   rF:        It protects you from fire.
   rC:        It protects you from cold.
   rElec:     It insulates you from electricity.
   rPois:     It protects you from poison.
   rN:        It protects you from negative energy.
   rCorr:     It protects you from acid and corrosion.
   rMut:      It protects you from mutation.
   Will:      It increases your willpower.
Magical Staves
 R - a staff of cold
Jewellery
 c - a +5 ring of evasion (left hand)
 f - a ring of willpower (right hand)
 j - a +6 ring of dexterity
 o - an amulet of the acrobat
 p - a +6 ring of strength
 u - an amulet of regeneration (around neck)
 L - an amulet of reflection
Wands
 q - a wand of charming (22)
 z - a wand of iceblast (17)
 G - a wand of quicksilver (15)
 S - a wand of flame (4)
Scrolls
 e - 3 scrolls of immolation
 i - 5 scrolls of enchant weapon
 k - 4 scrolls of vulnerability
 r - 3 scrolls of noise
 v - 5 scrolls of teleportation
 D - a scroll of fog
 I - 2 scrolls of silence
 N - 3 scrolls of fear
 W - 5 scrolls of identify
 X - 3 scrolls of amnesia
 Y - 2 scrolls of poison
Potions
 g - 6 potions of invisibility
 h - 4 potions of cancellation
 m - 2 potions of might
 n - 5 potions of ambrosia
 s - 5 potions of haste
 t - 13 potions of curing
 x - 3 potions of berserk rage
 A - 5 potions of lignification
 C - 3 potions of brilliance
 H - 6 potions of flight
 K - 3 potions of mutation
 O - a potion of magic
 U - 2 potions of attraction
 V - 3 potions of heal wounds
Miscellaneous
 J - a lightning rod (2/4)


   Skills:
 - Level 10.0 Fighting
 - Level 10.0 Short Blades
 - Level 10.0 Dodging
 - Level 3.0 Stealth
 * Level 3.3 Shields
 - Level 10.0 Spellcasting
 - Level 10.0 Conjurations
 - Level 3.0 Translocations
 - Level 10.0 Fire Magic
 - Level 12.0 Invocations
 + Level 4.8 Evocations


You had 19 spell levels left.
You knew the following spells:

 Your Spells              Type           Power      Damage    Failure   Level
a - Foxfire               Conj/Fire      100%       2x1d9     1%          1
b - Scorch                Fire           100%       2d10      1%          2
c - Flame Wave            Conj/Fire      55%        2d13      1%          4
d - Blink                 Tloc           50%        N/A       3%          2
e - Starburst             Conj/Fire      27%        6d9       21%         6

Your spell library contained the following spells:

 Spells                   Type           Power      Damage    Failure   Level
 Momentum Strike          Conj/Tloc      82%        3d10      1%          2
 Lesser Beckoning         Tloc           50%        N/A       3%          2
 Dazzling Flash           Conj/Hex       68%        N/A       3%          3
 Inner Flame              Hex/Fire       34%        N/A       3%          3
 Kindle Blastsparks       Fire/Tloc/Air  62%        2d15      4%          3
 Iskenderun's Mystic Bla  Conj/Tloc      41%        2d9       5%          4
 Gell's Gravitas          Tloc           25%        N/A       7%          3
 Teleport Other           Tloc           25%        N/A       7%          3
 Beastly Appendage        Tmut           22%        N/A       9%          1
 Slow                     Hex            44%        N/A       9%          1
 Cigotuvi's Dreadful Rot  Necr/Pois/Air  22%        N/A       12%         2
 Ensorcelled Hibernation  Hex/Ice        22%        N/A       12%         2
 Passwall                 Tmut/Erth      9%         N/A       12%         2
 Wereblood                Tmut           11%        N/A       12%         2
 Confusing Touch          Hex            11%        N/A       24%         3
 Ozocubu's Armour         Ice            11%        N/A       24%         3
 Spider Form              Tmut/Pois      11%        N/A       24%         3
 Swiftness                Air            11%        N/A       24%         3
 Tukima's Dance           Hex            11%        N/A       24%         3
 Vampiric Draining        Necr           11%        2d6       24%         3
 Passage of Golubria      Tloc           25%        N/A       24%         4
 Animate Dead             Necr           11%        N/A       63%         4
 Summon Forest            Summ/Tloc      9%         N/A       77%         5
 Metabolic Englaciation   Hex/Ice        5%         N/A       92%         5
 Summon Mana Viper        Hex/Summ       11%        N/A       92%         5
 Yara's Violent Unravell  Hex/Tmut       5%         3d4       92%         5
 Simulacrum               Ice/Necr       5%         N/A       100%        6
 Summon Cactus Giant      Summ           5%         N/A       100%        6
 Haunt                    Necr/Summ      5%         N/A       100%        7
 Discord                  Hex            5%         N/A       100%        8
 Infestation              Necr           5%         N/A       100%        8


Dungeon Overview and Level Annotations

Branches:
Dungeon (13/15)            Temple (0/1) D:4            Lair (5/5) D:9
 Shoals (0/4) Lair:2       Spider (0/4) Lair:2        Slime (0/5) Lair:5
    Orc (2/2) D:10            Elf (0/3) Orc:2       Ossuary (visited)
 Bailey (visited)
 Vaults: D:13-14

Altars:
Cheibriados
Gozag
Hepliaklqana
Kikubaaqudgha
Nemelex Xobeh
Qazlal
Ru
Sif Muna
Trog
Vehumet
Xom
Jiyva

Shops:
D:2 ?   D:3 *   D:4 *   Orc:2 !?=(

Annotations:
D:13 Rupert


Innate Abilities, Weirdness & Mutations

Your demonic aura causes all spilled blood to erupt in flames.
When seriously injured, your blood forms thick armour. (AC +9)
Spells you cast may paralyse nearby enemies.
Your touch may inflict minor irresistible damage on your foes.


Message History

The vampire mosquito is burned terribly!
The vampire mosquito is severely damaged.
The flame wave engulfs Rupert!
Rupert is heavily wounded.
The flame wave engulfs the vampire mosquito!
You destroy the vampire mosquito! (Press . to intensify the flame waves.) Malevolent energies surge around you.
The vampire mosquito is no longer paralysed.
The vampire mosquito is no longer more vulnerable to fire.
The vampire mosquito completely misses you.
Rupert is engulfed in blazing flames.
Rupert barely misses you. The vampire mosquito barely misses you.
A wave of flame ripples out!
The flame wave engulfs the vampire mosquito!
You destroy the vampire mosquito!
The flame wave engulfs Rupert but does no damage.
Rupert is heavily wounded.
The flame wave engulfs the vampire mosquito!
The vampire mosquito is burned terribly!
You destroy the vampire mosquito!
Rupert is engulfed in blazing flames.
Rupert hits you with a +1 heavy executioner's axe!!!
Ouch! That really hurt!
Your blood congeals into armour.
Okay, then.
Okay, then.
Okay, then.
Okay, then.
Magic courses through your body.
Rupert is no longer more vulnerable to fire.
Rupert is engulfed in blazing flames.
Rupert hits you with a +1 heavy executioner's axe!!
* * * LOW HITPOINT WARNING * * *
You miscast Blink.
You are very lightly contaminated with residual magic.
Nothing appears to happen.
Rupert is engulfed in blazing flames.
Rupert hits you with a +1 heavy executioner's axe!!
You die...
Your body glows with a rainbow of weird colours and disappears.

... #..# # #..# .
#.[#######.# #.
###..........#
#.##........#
#.#...####.######
#§@§.#.........#
##@§...##.####.#
#§§☼..###.# #.#
#.#.....##.# #.#
#.##........# #.#
##
###.#########.####
.# #......... .#
#.###.###. '#
#.###.###.
#.........


You could see Rupert (berserk).

Vanquished Creatures
  Jorgrun (D:13)
  Gastronok (Lair:1)
  Snorg (Orc:2)
  A fire dragon (Lair:5)
  Josephine (Lair:4)
  2 catoblepae
  4 hydras
  2 ogre magi (Orc:2)
  4 boulder beetles
  6 death yaks
  A centaur warrior (D:13)
  4 two-headed ogres
  A skyshark (Lair:4)
  A swamp dragon (Lair:5)
  Pikel (D:7)
  3 orc knights
  A deep elf zephyrmancer (Bailey)
  2 ugly things (D:13)
  A wolf spider (Lair:5)
  2 manticores (D:13)
  A cyclops (D:13)
  7 orc sorcerers (Orc:2)
  4 elephants
  A guardian serpent (Lair:5)
  8 black mambas
  Maurice (D:11)
  2 merfolk sirens (Lair:2)
  A gargoyle (D:12)
  18 cane toads
  Maggie (D:8)
  2 unseen horrors
  5 rime drakes
  10 komodo dragons
  A tengu conjurer (D:13)
  2 merfolk (Lair:2)
  3 trolls
  A polar bear (Lair:5)
  A meliai (shapeshifter) (D:13)
  A meliai (Lair:2)
  Prince Ribbit (D:5)
  15 blink frogs
  4 hornets
  5 dream sheep (Lair:3)
  4 slime creatures (D:9)
  4 wraiths
  A shadow (D:10)
  8 wyverns
  40 yaks
  8 basilisks
  A vampire (D:12)
  Grum (D:8)
  2 redbacks (Lair:5)
  2 steam dragons
  Menkaure (D:7)
  14 vampire mosquitoes
  4 wargs (Orc:1)
  3 acid dragons
  Edmund (D:5)
  16 water moccasins
  Duvessa (D:6)
  A swamp drake (Lair:5)
  A hornet zombie (D:5)
  19 orc warriors
  2 black bears
  3 tengu
  5 boggarts
  16 wolves
  9 ogres
  A phantom (D:5)
  11 centaurs
  2 lemures (D:7)
  3 elf zombies (Ossuary)
  Blork the orc (D:5)
  3 kobold brigands
  14 bullfrogs
  3 necrophages
  A wyvern zombie (D:5)
  A gnoll sergeant (D:12)
  7 scorpions
  13 wights
  Dowan (D:6)
  12 killer bees
  9 howler monkeys
  An electric eel (Lair:5)
  A centaur zombie (Ossuary)
  3 human zombies (Ossuary)
  5 hounds
  10 orc priests
  2 gnoll boudas
  5 jellies
  A centaur skeleton (D:5)
  11 iguanas
  28 orc wizards
  A hound skeleton (D:5)
  2 mummies (Ossuary)
  24 gnolls
  7 adders
  A shadow imp (D:7)
  A white imp (D:5)
  An ufetubus (D:5)
  A worm (D:4)
  3 dart slugs
  61 orcs
  7 bats
  7 endoplasms
  2 giant cockroaches
  5 goblins
  13 hobgoblins
  4 jackals
  6 quokkas
  7 ball pythons
  4 frilled lizards
  A goblin zombie (Ossuary)
  6 hobgoblin zombies (Ossuary)
  A jackal zombie (Ossuary)
  13 kobolds
  9 kobold zombies (Ossuary)
  11 orc zombies (Ossuary)
  3 rats
  A rat zombie (Ossuary)
653 creatures vanquished.

Vanquished Creatures (collateral kills)
  An ogre mage (Orc:2)
  6 death yaks
  An elephant (Lair:5)
  5 yaks
  A basilisk (D:9)
  A wyvern (Lair:5)
  A redback (Lair:5)
  2 orc wizards (Orc:2)
  2 foxfires (Lair:4)
20 creatures vanquished.

Vanquished Creatures (others)
  5 dream sheep (D:3)
  An orc (D:10)
  449 foxfires
  31 fungi
  97 plants
  4 withered plants (D:5)
587 creatures vanquished.

Grand Total: 1260 creatures vanquished

Notes
Turn   | Place    | Note
-------+----------+-------------------------------------------
     0 | D:1      | themarg the Demonspawn Fire Elementalist began the quest
                  | for the Orb.
     0 | D:1      | Reached XP level 1. HP: 13/13 MP: 3/3
   531 | D:1      | Gained mutation: Spells you cast may paralyse adjacent
                  | enemies. [demonic ancestry]
   531 | D:1      | Reached XP level 2. HP: 19/19 MP: 0/5
   534 | D:1      | Learned a level 2 spell: Scorch
  1630 | D:2      | Reached XP level 3. HP: 24/24 MP: 1/6
  1843 | D:2      | Gained mutation: Your demonic aura sometimes causes spilled
                  | blood to erupt in flames. [demonic ancestry]
  1843 | D:2      | Reached XP level 4. HP: 30/30 MP: 2/7
  2339 | D:2      | Found Feraen's Magic Scroll Shop.
  2347 | D:2      | Bought a scroll of identify for 24 gold pieces
  2347 | D:2      | Bought a scroll of teleportation for 36 gold pieces
  2347 | D:2      | Bought a scroll of noise for 12 gold pieces
  2658 | D:3      | Found a faded altar of an unknown god.
  2718 | D:3      | Found a sparkling altar of Nemelex Xobeh.
  2795 | D:3      | Became a worshipper of Nemelex Xobeh the Trickster
  2962 | D:3      | Found Zin's Purification Station.
  3083 | D:3      | Found a shimmering blue altar of Sif Muna.
  3236 | D:3      | Noticed a dream sheep
  3236 | D:3      | Noticed a dream sheep
  3236 | D:3      | Noticed a dream sheep
  3236 | D:3      | Noticed a dream sheep
  3236 | D:3      | Noticed a dream sheep
  3236 | D:3      | Found a shimmering altar of Xom.
  3240 | D:3      | Killed a dream sheep
  3241 | D:3      | Killed a dream sheep
  3241 | D:3      | Killed a dream sheep
  3241 | D:3      | Killed a dream sheep
  3241 | D:3      | Killed a dream sheep
  3366 | D:4      | Found Mariru's Assorted Antiques.
  3430 | D:4      | Gained mutation: Spells you cast may paralyse nearby
                  | enemies. [demonic ancestry]
  3430 | D:4      | Reached XP level 5. HP: 35/35 MP: 5/8
  3525 | D:4      | Noticed an ogre
  3534 | D:4      | Noticed an ogre
  3557 | D:4      | Found a staircase to the Ecumenical Temple.
  3982 | D:4      | Killed an ogre
  3983 | D:4      | Reached skill level 5 in Fire Magic
  3983 | D:4      | Reached skill level 1 in Fighting
  4071 | D:4      | Killed an ogre
  4072 | D:4      | Gained mutation: Your touch may inflict minor irresistible
                  | damage on your foes. [demonic ancestry]
  4072 | D:4      | Reached XP level 6. HP: 44/44 MP: 3/9
  4724 | D:4      | Reached * piety under Nemelex Xobeh
  4888 | D:5      | Entered Level 5 of the Dungeon
  4908 | D:5      | Noticed Edmund
  4920 | D:5      | Reached skill level 1 in Invocations
  4920 | D:5      | Gained mutation: Your demonic aura often causes spilled
                  | blood to erupt in flames. [demonic ancestry]
  4920 | D:5      | Reached XP level 7. HP: 37/53 MP: 2/10
  5002 | D:5      | You fall into a shaft and drop 1 floor!
  5090 | D:5      | Found a sand-covered staircase.
  5093 | Ossuary  | Entered an ossuary
  5232 | Ossuary  | Received a gift from Nemelex Xobeh
  5500 | Ossuary  | Reached skill level 2 in Invocations
  6064 | D:5      | Reached skill level 5 in Fighting
  6158 | D:4      | Reached skill level 3 in Invocations
  6158 | D:4      | Reached XP level 8. HP: 56/62 MP: 8/13
  6348 | D:5      | Found a sacrificial altar of Ru.
  6362 | D:5      | Noticed Prince Ribbit
  6376 | D:5      | Killed Prince Ribbit
  6377 | D:5      | Reached skill level 4 in Invocations
  6494 | D:5      | Reached skill level 5 in Spellcasting
  6602 | D:5      | Reached skill level 5 in Invocations
  6662 | D:5      | Noticed Blork the orc
  6879 | D:5      | Reached skill level 1 in Short Blades
  7196 | D:5      | Found a snail-covered altar of Cheibriados.
  7293 | D:5      | Killed Blork the orc
  7294 | D:5      | Gained mutation: When seriously injured, your blood forms
                  | armour. (AC +9) [demonic ancestry]
  7294 | D:5      | Reached XP level 9. HP: 68/68 MP: 8/16
  7412 | D:5      | Killed Edmund
  7740 | D:6      | Learned a level 4 spell: Flame Wave
  7791 | D:6      | Reached skill level 5 in Short Blades
  8019 | D:6      | Noticed Dowan
  8020 | D:6      | Noticed Duvessa
  8027 | D:6      | Killed Duvessa
  8028 | D:6      | Reached skill level 6 in Invocations
  8036 | D:6      | Killed Dowan
  8711 | D:7      | Noticed Pikel
  8764 | D:7      | Killed Pikel
  8765 | D:7      | Reached skill level 7 in Invocations
  9026 | D:7      | Reached XP level 10. HP: 77/77 MP: 8/17
  9408 | D:7      | Reached skill level 5 in Dodging
  9602 | D:7      | Reached ** piety under Nemelex Xobeh
  9804 | D:7      | Noticed Menkaure
  9807 | D:7      | Killed Menkaure
  9808 | D:7      | Reached skill level 8 in Invocations
 10109 | D:8      | Noticed Maggie
 10309 | D:8      | Killed Maggie
 10310 | D:8      | Reached skill level 9 in Invocations
 10541 | D:8      | Reached skill level 10 in Invocations
 10830 | D:8      | Found a hazy altar of Hepliaklqana.
 11186 | D:8      | Found a bloodstained altar of Trog.
 11216 | D:8      | Found an opulent altar of Gozag.
 11297 | D:8      | Noticed Grum
 11313 | D:8      | Killed Grum
 11701 | D:8      | Reached skill level 5 in Conjurations
 12000 | D:9      | Reached skill level 1 in Translocations
 12016 | D:9      | Found a staircase to the Lair.
 12016 | D:9      | Noticed an elephant
 12050 | D:9      | Reached *** piety under Nemelex Xobeh
 12097 | D:9      | Noticed a two-headed ogre
 12150 | D:9      | Killed an elephant
 12151 | D:9      | Reached XP level 11. HP: 59/89 MP: 10/18
 12157 | D:9      | Received a gift from Nemelex Xobeh
 12345 | D:9      | Found a flagged portal.
 12354 | Bailey   | Entered a bailey
 12551 | Bailey   | Noticed an orc knight
 12588 | Bailey   | Killed an orc knight
 12728 | Bailey   | Found a large runed translucent door.
 12728 | Bailey   | Found a large runed translucent door.
 12729 | Bailey   | Noticed a deep elf zephyrmancer
 12872 | Bailey   | Learned a level 2 spell: Blink
 12881 | Bailey   | Killed a deep elf zephyrmancer
 12882 | Bailey   | Reached skill level 10 in Fighting
 12887 | Bailey   | Identified the +9 demon blade "Botsut" {freeze, Int-5 Dex+2
                  | SInv}
 12898 | Bailey   | Got the Annotations on Entranced Maleficent Acts
 12999 | D:9      | Killed a two-headed ogre
 13828 | D:10     | Entered Level 10 of the Dungeon
 13908 | D:10     | Noticed a two-headed ogre
 13915 | D:10     | Killed a two-headed ogre
 14151 | D:10     | Noticed a boulder beetle
 14174 | D:10     | Killed a boulder beetle
 14175 | D:10     | Reached skill level 11 in Invocations
 14282 | D:10     | Found a staircase to the Orcish Mines.
 14330 | D:10     | Noticed a two-headed ogre
 14336 | D:10     | Killed a two-headed ogre
 14451 | D:10     | Reached XP level 12. HP: 97/97 MP: 6/24
 14611 | D:10     | Reached **** piety under Nemelex Xobeh
 14835 | D:10     | Found a stormy altar of Qazlal.
 14932 | D:11     | Received a gift from Nemelex Xobeh
 15198 | D:11     | Noticed Maurice
 15206 | D:11     | Killed Maurice
 15207 | D:11     | Reached skill level 12 in Invocations
 15390 | D:11     | Received a gift from Nemelex Xobeh
 15538 | D:11     | Noticed a boulder beetle
 15550 | D:11     | Killed a boulder beetle
 15719 | Lair:1   | Entered Level 1 of the Lair of Beasts
 15758 | Lair:1   | Reached skill level 10 in Spellcasting
 16014 | Lair:1   | Received a gift from Nemelex Xobeh
 16068 | Lair:1   | Reached ***** piety under Nemelex Xobeh
 16118 | Lair:1   | Received a gift from Nemelex Xobeh
 16164 | Lair:1   | Noticed Gastronok
 16185 | Lair:1   | Killed Gastronok
 16500 | Lair:1   | Received a gift from Nemelex Xobeh
 16862 | Lair:2   | Found a hole to the Spider Nest.
 17124 | Lair:2   | Noticed a death yak
 17124 | Lair:2   | Noticed a death yak
 17124 | Lair:2   | Noticed a death yak
 17286 | Lair:2   | Noticed a death yak
 17287 | Lair:2   | Noticed a death yak
 17396 | Lair:2   | Noticed a death yak
 17402 | Lair:2   | Killed a death yak
 17404 | Lair:2   | Killed a death yak
 17406 | Lair:2   | Killed a death yak
 17409 | Lair:2   | Killed a death yak
 17410 | Lair:2   | Reached XP level 13. HP: 103/103 MP: 11/27
 17649 | Lair:2   | Found a staircase to the Shoals.
 17749 | Lair:2   | Received a gift from Nemelex Xobeh
 18849 | Lair:4   | Received a gift from Nemelex Xobeh
 19514 | Lair:4   | Reached skill level 10 in Dodging
 19607 | Lair:4   | Found a snail-covered altar of Cheibriados.
 19812 | Lair:4   | Received a gift from Nemelex Xobeh
 19952 | Lair:4   | Noticed Josephine
 19971 | Lair:4   | Killed Josephine
 20215 | Lair:5   | Entered Level 5 of the Lair of Beasts
 20421 | Lair:5   | Gained mutation: When seriously injured, your blood forms
                  | thick armour. (AC +9) [demonic ancestry]
 20421 | Lair:5   | Reached XP level 14. HP: 110/110 MP: 23/28
 20819 | Lair:5   | Found a staircase to the Slime Pits.
 20819 | Lair:5   | Found a viscous altar of Jiyva.
 21106 | Lair:5   | Reached skill level 10 in Short Blades
 21436 | Lair:5   | Received a gift from Nemelex Xobeh
 22360 | Lair:5   | Found the -2 hat of the Alchemist {rElec rPois rF+ rC+ rN+
                  | Will+ rMut rCorr}
 22361 | Lair:5   | Received a gift from Nemelex Xobeh
 22776 | Lair:5   | Learned a level 6 spell: Starburst
 23161 | D:12     | Reached skill level 1 in Evocations
 23465 | D:12     | Received a gift from Nemelex Xobeh
 24147 | Orc:1    | Entered Level 1 of the Orcish Mines
 24257 | Orc:2    | Entered Level 2 of the Orcish Mines
 24381 | Orc:2    | Reached ****** piety under Nemelex Xobeh
 24382 | Orc:2    | Received a gift from Nemelex Xobeh
 25276 | Orc:2    | Found a staircase to the Elven Halls.
 25526 | Orc:2    | Noticed Snorg
 25534 | Orc:2    | Killed Snorg
 25542 | Orc:2    | Found Qiubos Lucu's Magic Scroll Shoppe.
 25558 | Orc:2    | Found an ancient bone altar of Kikubaaqudgha.
 25566 | Orc:2    | Reached skill level 10 in Conjurations
 25571 | Orc:2    | Gained mutation: Your demonic aura causes all spilled blood
                  | to erupt in flames. [demonic ancestry]
 25571 | Orc:2    | Reached XP level 15. HP: 103/115 MP: 14/29
 25741 | Orc:2    | Noticed Erolcha
 25742 | Orc:2    | Erolcha changed into Erolcha the tengu
 25742 | Orc:2    | Noticed Erolcha
 25750 | Orc:2    | Killed Erolcha the tengu
 25944 | Orc:2    | Found a radiant altar of Vehumet.
 25960 | Orc:2    | Found Tauf's Distillery.
 26271 | Orc:2    | Found Naoffel's Antique Weapon Emporium.
 26276 | Orc:2    | Found Qiunerph's Jewellery Emporium.
 26321 | Orc:2    | Bought a potion of haste for 150 gold pieces
 26321 | Orc:2    | Bought a potion of heal wounds for 75 gold pieces
 26321 | Orc:2    | Bought 2 potions of curing for 90 gold pieces
 26321 | Orc:2    | Bought a potion of brilliance for 60 gold pieces
 26321 | Orc:2    | Bought a potion of flight for 45 gold pieces
 26321 | Orc:2    | Bought a potion of ambrosia for 120 gold pieces
 26321 | Orc:2    | Bought a potion of curing for 45 gold pieces
 26339 | Orc:2    | Bought a scroll of teleportation for 45 gold pieces
 26339 | Orc:2    | Bought a scroll of silence for 142 gold pieces
 26339 | Orc:2    | Bought a scroll of enchant armour for 112 gold pieces
 26339 | Orc:2    | Bought a scroll of enchant armour for 112 gold pieces
 26515 | D:13     | Reached skill level 10 in Fire Magic
 26534 | D:13     | Reached skill level 1 in Shields
 26700 | D:13     | Received a gift from Nemelex Xobeh
 26794 | D:13     | Noticed Jorgrun
 26805 | D:13     | Killed Jorgrun
 26863 | D:13     | Noticed Rupert
 27236 | D:13     | Mangled by Rupert

Illustrated notes

Levels and vault maps discovered:
D:1:      sevenhm_arrival_forest_fort_small_3, layout_basic,
          chequers_serial_rivers_micro_b, chequers_avenue,
          nicolae_figureground_pulse
D:2:      layout_rooms, serial_shops, shop
D:3:      layout_rooms, kb_xom_exploding_sheep, nemelex_dance_club_becter,
          zin_purify, grunt_temple_overflow_open,
          chequers_ecumenical_altar_twisty
D:4:      layout_cave_pools, minmay_temple_entry_mist, minivault_5,
          nicolae_stop_n_shop_2
D:5:      layout_cave_pools, kennysheep_little_box, mainiacjoe_overflow_paths,
          serial_undead, serial_undead_d, serial_undead_c, serial_undead_c,
          serial_undead_c, lightli_ossuary_entry_decrepit_ruins,
          minmay_misc_feat_iff, uniq_edmund, uniq_blork_the_orc,
          uniq_prince_ribbit1
D:6:      layout_basic, kennysheep_mini_moat, uniq_duvessa
D:7:      layout_basic, kennysheep_generic_room_5, uniq_menkaure, uniq_pikel
D:8:      layout_cave_pods, nicolae_hepliaklqana_hazy_memory,
          grunt_gozag_breadcrumbs, bloody_trog, nrook_mini_vaults,
          mrwooster_statue_mirror, minmay_holes, uniq_maggie, uniq_grum
D:9:      minmay_general_purpose_star, layout_irregular_city,
          david_lair_generic, enter_bailey_8
D:10:     layout_cave_pools, grunt_qazlal_sundering, erik_orc_3, minmay_between
D:11:     layout_irregular_city, evilmike_butchery, uniq_maurice
D:12:     layout_roguey, chequers_decorated_corner, nzn_life_drinkers
D:13:     layout_loops_corners, uniq_rupert, uniq_jorgrun
Lair:1:   layout_long_grid, grunt_forest_large_clearings, uniq_gastronok
Lair:2:   layout_misc_corridors, elwin_shoals_entry_stream,
          hellmonk_spider_entry_not_the_bees
Lair:3:   layout_loops_ring
Lair:4:   layout_loops_ring, basic_altar, uniq_josephine
Lair:5:   hangedman_lair_tendril_chambers, layout_hall_layers,
          guppyfry_lair_end_dragon, slime_entry_1, serial_rivers,
          chequers_serial_rivers_marsh, chequers_serial_rivers_room_b,
          chequers_serial_rivers_large_b, chequers_serial_rivers_micro_a,
          chequers_serial_rivers_small_a, kilobyte_rumbling_trees,
          serial_bayou_shore_a
Orc:1:    layout_diamond_mine, basic_altar
Orc:2:    kennysheep_orc_mage_school, layout_caves, uniq_snorg

Skill      XL: |  1  2  3  4  5  6  7  8  9 10 11 12 13 14 15 |
---------------+----------------------------------------------+-----
Stealth        | 2 3 |  3.0
Fire Magic     | 3 4 5 6 8 9 10 | 10.0
Conjurations   | 2 3 4 5 7 10 | 10.0
Fighting       | 2 3 5 6 9 10 | 10.0
Dodging        | 2 3 4 5 7 10 | 10.0
Invocations    | 1 3 5 7 10 11 12 | 12.0
Spellcasting   | 3 5 8 10 | 10.0
Short Blades   | 2 5 8 10 | 10.0
Translocations | 2 3 |  3.0
Evocations     | 3 4 |  4.8
Shields        | 3 |  3.3

Action                     |  1- 3 |  4- 6 |  7- 9 | 10-12 | 13-15 || total
---------------------------+-------+-------+-------+-------+-------++-------
  Melee: Unarmed           |     1 |       |       |       |       ||     1
         Short sword       |       |    22 |   110 |   119 |   193 ||   444
         Touch             |       |     4 |    31 |    25 |    22 ||    82
         Punch             |       |     2 |     2 |     1 |     1 ||     6
  Throw: Throwing net      |       |       |       |       |     2 ||     2
   Cast: Foxfire           |    58 |    85 |   100 |    40 |     4 ||   287
         Scorch            |     6 |    34 |   120 |   318 |   461 ||   939
         Blink             |       |       |       |     1 |     1 ||     2
         Flame Wave        |       |       |       |     6 |    18 ||    24
         Starburst         |       |       |       |       |     4 ||     4
 Invoke: Draw Destruction  |       |       |     3 |    19 |    38 ||    60
         Draw Summoning    |       |       |       |     4 |     8 ||    12
         Triple Draw       |       |       |       |       |     3 ||     3
         Draw Escape       |       |       |       |       |     1 ||     1
  Evoke: Wand              |       |       |       |       |     6 ||     6
         Lightning rod     |       |       |       |       |     2 ||     2
    Use: Scroll            |       |     9 |     6 |    10 |    11 ||    36
         Potion            |       |     3 |     1 |     1 |     1 ||     6
   Stab: Paralysed         |       |     8 |    42 |    80 |    98 ||   228
         Sleeping          |       |       |     1 |       |       ||     1
 Armour: Robe              |     2 |       |    19 |    46 |    43 ||   110
         Troll leather arm |       |       |       |       |    10 ||    10
  Dodge: Dodged            |     4 |    27 |    84 |   220 |   300 ||   635

Table legend: (Time is in decaauts)
 A = Elapsed time spent in this place.
 B = Non-inter-level travel time spent in this place.
 C = Inter-level travel time spent in this place.
 D = Time resting spent in this place.
 E = Time spent auto-exploring this place.
 F = Levels seen in this place.
 G = Mean time per level.
                   A        B        C        D        E       F      G
               +--------+--------+--------+--------+--------+-----+--------+
         Total |  27194 |  26343 |    851 |   5293 |  15546 |  22 | 1236.1 |
       Dungeon |  16174 |  15632 |    542 |   2983 |   9893 |  13 | 1244.2 |
          Lair |   7218 |   6996 |    222 |    996 |   4680 |   5 | 1443.6 |
  Orcish Mines |   2257 |   2172 |     85 |    646 |    777 |   2 | 1128.5 |
       Ossuary |    957 |    957 |      0 |    387 |    196 |   1 |  957.0 |
        Bailey |    587 |    587 |      0 |    281 |      0 |   1 |  587.0 |
               +--------+--------+--------+--------+--------+-----+--------+

Top non-repeatable levels by time:
  Lair:5: 2535 daAuts
     D:7: 1937 daAuts
     D:8: 1630 daAuts
     D:1: 1621 daAuts
     D:4: 1533 daAuts
   Orc:2: 1510 daAuts
     D:9: 1497 daAuts
  Lair:4: 1432 daAuts
     D:3: 1188 daAuts
  Lair:3: 1179 daAuts
     D:5: 1159 daAuts
    D:12: 1156 daAuts
    D:10: 1103 daAuts
  Lair:2: 1079 daAuts
  Lair:1: 992 daAuts
